 Dungeon Crawl Stone Soup version 0.29-a0-243-g602b31c20e (webtiles) character file.

Game seed: 1527567557130727206

2394 Crownlay the Basher (level 9, -4/127 HPs)
             Began as a Troll Berserker on Mar 4, 2022.
             Was a Priest of Trog.
             Slain by a troll (10 damage)
             ... on level 7 of the Dungeon.
             The game lasted 00:11:31 (5403 turns).

Crownlay the Basher (Troll Berserker)               Turns: 5403, Time: 00:11:31

Health: -4/127     AC:  4    Str: 31    XL:     9   Next: 22%
Magic:  0/0        EV: 10    Int:  3    God:    Trog [***...]
Gold:   373        SH:  5    Dex:  9    Spells: 8/8 levels left

rFire   . . .      SeeInvis +   z - +10 morningstar of Internal Strife {vorpal, rElec rC++ Will+ MP-9}
rCold   + + .      Faith    .   (no shield)
rNeg    . . .      Spirit   .   b - +0 animal skin
rPois   +          Reflect  +   (helmet restricted)
rElec   +          Harm     .   (no cloak)
rCorr   .          Rampage  .   (gloves unavailable)
Will    +++..                   (boots unavailable)
Stlth   ..........              j - amulet of reflection
HPRegen 2.11/turn               r - ring of poison resistance
MPRegen 0.07/turn               x - ring of see invisible

@: berserking, strong-willed, regenerating, very quick
A: large, unfitting armour, claws 3, regeneration 1, shaggy fur 1, tough skin 1
a: Renounce Religion, Berserk, Trog's Hand


You were on level 7 of the Dungeon.
You worshipped Trog.
Trog was most pleased with you.
You visited 1 branch of the dungeon, and saw 7 of its levels.
You also visited: Sewer.

You collected 373 gold pieces.

Inventory:

Hand Weapons
 z - the +10 morningstar of Internal Strife (weapon) {vorpal, rElec rC++ Will+ MP-9}
   (You found it in a sewer)

   It inflicts extra damage upon your enemies.
   rC:        It greatly protects you from cold.
   rElec:     It insulates you from electricity.
   MP:        It affects your magic capacity (-9).
   Will:      It increases your willpower.
Missiles
 m - 10 boomerangs (quivered)
Armour
 b - a +0 animal skin (worn)
Jewellery
 j - an amulet of reflection (around neck)
 p - a ring of ice
 r - a ring of poison resistance (left claw)
 x - a ring of see invisible (right claw)
Wands
 y - a wand of digging (7)
Scrolls
 c - 3 scrolls of fear
 d - a scroll of silence
 g - 4 scrolls of teleportation
 h - a scroll of identify
 k - 4 scrolls of magic mapping
 l - a scroll of brand weapon {unknown}
 n - 2 scrolls of amnesia {unknown}
 o - a scroll of noise {unknown}
 q - a scroll of enchant armour {unknown}
 w - a scroll of immolation {unknown}
 A - a scroll of enchant weapon {unknown}
Potions
 a - a potion of haste {unknown}
 e - a potion of magic {unknown}
 f - 3 potions of attraction
 i - 4 potions of berserk rage
 s - a potion of curing {unknown}
 t - a potion of mutation {unknown}
 u - a potion of lignification {unknown}
 v - 2 potions of heal wounds {unknown}


   Skills:
 + Level 4.3 Fighting
 * Level 9.8 Maces & Flails
 - Level 5.0 Throwing
 - Level 2.4 Dodging


You had 8 spell levels left.
You didn't know any spells.
Your spell library was empty.

Dungeon Overview and Level Annotations

Branches:
Dungeon (7/15)             Temple (0/1) D:5           Sewer (visited)

Altars:
Cheibriados
Dithmenos
Kikubaaqudgha
Nemelex Xobeh
Okawaru
Trog
Uskayaw
Wu Jian

Shops:
D:2 (


Innate Abilities, Weirdness & Mutations

You are too large for most types of armour.
You have claws for hands.
Your natural rate of healing is unusually fast.
You are covered in fur. (AC +1)
You have tough skin. (AC +1)


Message History

You sock the iguana!
You kill the iguana!
Trog accepts your kill.
No target in view!
No target in view!
No target in view!
You now have 373 gold pieces (gained 16).
You open the door.
There is an open door here.
Found an ornate altar of the Wu Jian Council.
An orc comes into view. It is wielding a +0 whip.
The orc shouts!
You hear a shout! x2 2 orcs and a troll come into view.
The troll shouts!
The orc moves out of view.
An orc wizard comes into view. It is wielding a +0 dagger.
The orc wizard shouts!
The troll bites you. The troll claws you! The troll claws you.
The troll bites you. The troll claws you. The troll claws you!
Your skin crawls.
You feel strong-willed. The troll bites you!
The troll claws you but does no damage. The troll claws you!
A red film seems to cover your vision as you go berserk!
You feel yourself moving faster!
You feel mighty! The troll bites you. The troll claws you!
* * * LOW HITPOINT WARNING * * *
You block the troll's attack.
You closely miss the troll. You closely miss the troll. The troll bites you!
* * * LOW HITPOINT WARNING * * *
The troll claws you!
* * * LOW HITPOINT WARNING * * *
The troll closely misses you.
You sock the troll!
The troll is moderately wounded.
The troll bites you!
* * * LOW HITPOINT WARNING * * *
The troll claws you!
You die...

..... ..........≈≈....
..... ..........≈..≈.≈ ##.#
#############....≈≈.≈
#######...####..###........
..........#.....#.o.....#..
..........'.....#.......#
..........#.....#oo.....#
..........#.....#To.....#
##.####..###..#.@#....###
#### #..# ############
....< ...... ......


You could see a troll, an orc wizard and 3 orcs.

Vanquished Creatures
  Joseph (D:7)
  3 water moccasins
  A sky beast (D:6)
  2 black bears
  An ice beast (D:3)
  2 ogres
  A centaur (D:5)
  A phantom (D:6)
  A necrophage (D:6)
  5 scorpions
  3 killer bees (D:5)
  2 hounds
  2 orc priests
  4 iguanas
  5 orc wizards
  7 adders
  3 river rats (D:5)
  A white imp (D:5)
  4 worms
  4 dart slugs
  25 orcs
  6 bats
  13 endoplasms
  7 giant cockroaches
  7 goblins
  5 hobgoblins
  9 kobolds
  4 quokkas
  11 ball pythons
  3 frilled lizards (D:1)
  3 rats
146 creatures vanquished.

Vanquished Creatures (others)
  An orc wizard (D:3)
1 creature vanquished.

Grand Total: 147 creatures vanquished

Notes
Turn   | Place    | Note
-------+----------+-------------------------------------------
     0 | D:1      | Crownlay the Troll Berserker began the quest for the Orb.
     0 | D:1      | Reached XP level 1. HP: 22/22 MP: 0/0
    71 | D:1      | Reached skill level 3 in Maces & Flails
   123 | D:1      | Reached XP level 2. HP: 29/29 MP: 1/1
   257 | D:1      | Found a faded altar of an unknown god.
  1109 | D:2      | Reached XP level 3. HP: 36/36 MP: 2/2
  1157 | D:2      | Reached ** piety under Trog
  1159 | D:2      | Reached skill level 4 in Maces & Flails
  1180 | D:2      | Found Nuis's Weapon Emporium.
  1562 | D:2      | Reached XP level 4. HP: 42/44 MP: 3/3
  1597 | D:2      | Found a bloodstained altar of Trog.
  1905 | D:3      | Reached skill level 5 in Maces & Flails
  1907 | D:3      | Reached XP level 5. HP: 42/50 MP: 4/4
  1912 | D:3      | Reached skill level 1 in Throwing
  1928 | D:3      | Found an iron altar of Okawaru.
  2234 | D:3      | Found a snail-covered altar of Cheibriados.
  2236 | D:3      | Found a bloodstained altar of Trog.
  2275 | D:3      | Found a hide-covered altar of Uskayaw.
  2275 | D:3      | Found a sparkling altar of Nemelex Xobeh.
  2276 | D:3      | Found an ancient bone altar of Kikubaaqudgha.
  2276 | D:3      | Noticed an ice beast
  2287 | D:3      | Killed an ice beast
  2288 | D:3      | Reached XP level 6. HP: 59/59 MP: 5/5
  2852 | D:4      | Found a shadowy altar of Dithmenos.
  2959 | D:4      | Noticed a water moccasin
  2963 | D:4      | Killed a water moccasin
  2964 | D:4      | Reached skill level 6 in Maces & Flails
  3218 | D:4      | Reached XP level 7. HP: 56/66 MP: 6/6
  3227 | D:4      | Reached *** piety under Trog
  3456 | D:5      | Entered Level 5 of the Dungeon
  3499 | D:5      | Found a glowing drain.
  3535 | Sewer    | Entered a sewer
  3579 | Sewer    | Reached skill level 5 in Throwing
  3626 | Sewer    | Identified the +10 morningstar of Internal Strife {vorpal,
                  | rElec rC++ Will+ MP-9}
  3709 | D:5      | Reached skill level 7 in Maces & Flails
  3744 | D:5      | Found a staircase to the Ecumenical Temple.
  3751 | D:5      | Reached XP level 8. HP: 53/74 MP: 0/7
  4069 | D:5      | Reached skill level 8 in Maces & Flails
  4909 | D:6      | Reached skill level 9 in Maces & Flails
  5006 | D:6      | Reached XP level 9. HP: 84/84 MP: 0/8
  5282 | D:7      | Noticed Joseph
  5294 | D:7      | Killed Joseph
  5386 | D:7      | Found an ornate altar of the Wu Jian Council.
  5390 | D:7      | Noticed a troll
  5403 | D:7      | HP: 6/127 [troll (12)]
  5403 | D:7      | Slain by a troll

Illustrated notes

Levels and vault maps discovered:
D:1:      dpeg_arrival_tiny_b, layout_loops_ring,
          nicolae_ecumenical_lake_church, roderic_serpentine_path
D:2:      layout_loops_ring, basic_altar, serial_shops,
          nicolae_shop_bloodbath_and_beyond, chequers_arboretum
D:3:      layout_basic, nicolae_overflow_hidden_temple,
          okawaru_ov_weapons_minmay, gammafunk_temple_overflow_claw
D:4:      layout_basic, lemuel_doored_altar, roderic_lattice_a
D:5:      layout_basic, minmay_temple_entry_tees, portal_sewer_entry_b
D:6:      layout_gridville, hangedman_decor_points, kennysheep_donut,
          patterned_corridor
D:7:      layout_gridville, mainiacjoe_overflow_surrounded_room,
          mainiacjoe_overflow_small_starburst, hangedman_decor_opposing,
          uniq_joseph

Skill      XL: |  1  2  3  4  5  6  7  8  9 |
---------------+----------------------------+-----
Maces & Flails | 3 4 5 6 7 9 |  9.8
Throwing       | 2 3 5 |  5.0
Fighting       | 3 4 |  4.3
Dodging        | |  2.4

Action                   |  1- 3 |  4- 6 |  7- 9 || total
-------------------------+-------+-------+-------++-------
Melee: Mace              |   112 |   174 |    62 ||   348
       Morningstar       |       |       |    96 ||    96
Throw: Boomerang         |       |     1 |       ||     1
Invok: Berserk           |       |     6 |     9 ||    15
       Trog's Hand       |       |     1 |     3 ||     4
  Use: Scroll            |       |     2 |     4 ||     6
 Stab: Sleeping          |     1 |       |       ||     1
Armor: Animal skin       |    43 |    39 |    29 ||   111
Dodge: Dodged            |    53 |    77 |    74 ||   204
Block: Other             |     5 |    35 |    40 ||    80
       Reflection        |       |       |     2 ||     2

Table legend: (Time is in decaauts)
 A = Elapsed time spent in this place.
 B = Non-inter-level travel time spent in this place.
 C = Inter-level travel time spent in this place.
 D = Time resting spent in this place.
 E = Time spent auto-exploring this place.
 F = Levels seen in this place.
 G = Mean time per level.
                   A        B        C        D        E       F      G
               +--------+--------+--------+--------+--------+-----+--------+
         Total |   5586 |   5295 |    291 |      0 |   4101 |   8 |  698.2 |
       Dungeon |   5442 |   5151 |    291 |      0 |   4029 |   7 |  777.4 |
         Sewer |    143 |    143 |      0 |      0 |     72 |   1 |  143.0 |
               +--------+--------+--------+--------+--------+-----+--------+

Top non-repeatable levels by time:
     D:1: 1115 daAuts
     D:4: 1109 daAuts
     D:5: 906 daAuts
     D:6: 838 daAuts
     D:2: 745 daAuts
     D:3: 596 daAuts
   Sewer: 143 daAuts
     D:7: 131 daAuts
